Cogmind - Beta 11.2 @@@ ROGUE MODE // 2023.02.20 @ 00:12:37 Player: Red Box Result: Destroyed by G-67 Veteran with Field Laser Performance ------------- Evolutions (5) 2500 Regions Visited (23) 4600 Robots Destroyed (297) 1485 Value Destroyed (12089) 12089 Prototype IDs (81) 1620 Alien Tech Used (0) 0 Bonus (6231) 6231 TOTAL SCORE: 28525 Bonus ------- High Alert Combat Kills 294 Follower Combat Kills 768 Aligned with FarCom 300 Met Data Miner 300 Met Imprinter 300 Destroyed Z-Imprinter 1000 Triggered Deep Caves Wall 500 Exposed GOLEM Chamber 500 Met Warlord at Base 500 MAIN.C Attacked Warlord 500 Warlord Defense Kills 2170 Friendly Fire -901 Cogmind --------- Core Integrity 0/1000 Matter 41/300 Energy 99/100 System Corruption 24% Temperature Hot (216) Movement Walking (190) Ox1 Location -5/Warlord Parts ------- > --- POWER (2) -------- (None) > --- PROPULSION (2) --- Advanced Myomer Leg Advanced Myomer Leg > --- UTILITY (11) ----- Experimental Heat Sink Huge Storage Unit Enhanced Optical Array Layered Light Armor Plating Centrium Light Armor Plating Authchip [Armor] > --- WEAPON (2) ------- Vortex Driver Vortex Lance > --- INVENTORY (25) --- Vortex Chain Reactor Experimental Myomer Leg Experimental Myomer Leg Experimental Matter Compressor Experimental Optical Array Thermal Barrier Improved Energy Mantle Ghost Barrier Thief Drone Bay (1/3) Minesniffer Drone Bay (10/10) GOLEM Unit GOLEM Unit 8R-AWN's Boregun Molecular Deconstructor Thunder Hammer Peak State ------------ > --- POWER ------------ Assembled Flux Generator > --- PROPULSION ------- Enhanced Flexi-carbon Leg Assembled Alloy Leg > --- UTILITY ---------- Assembled Nanovents Assembled Nanovents Huge Storage Unit Assembled Biocell Array Improved Medium Armor Plating Advanced Hacking Suite Advanced System Shield Authchip [Armor] Mini Drone Bay GOLEM Unit > --- WEAPON ----------- Assembled Focal Cannon Assembled Focal Cannon > --- INVENTORY -------- Reinforced Deuterium Engine F-cell Engine Advanced Myomer Leg Advanced Myomer Leg Experimental Heat Sink Energy Well Experimental Terrain Scan Processor Improved Particle Charger Improved Medium Armor Plating Layered Heavy Armor Plating Thief Drone Bay GOLEM Unit GOLEM Unit GOLEM Unit Enhanced Coil Gun 8R-AWN's Boregun Hardcell Cannon Long-range Missile Launcher Molecular Deconstructor Thunder Hammer [Rating: 138] Favorites ----------- Power Heavy Ion Engine Engine Heavy Ion Engine Power Core Reinforced Fission Core Reactor Assembled Flux Generator Propulsion Assembled Alloy Leg Leg Assembled Alloy Leg Wheel Armored Wheel Utility Huge Storage Unit Device Experimental Heat Sink Storage Huge Storage Unit Processor Advanced Targeting Computer Hackware Authchip [Armor] Protection Improved Medium Armor Plating Weapon Assembled Focal Cannon Energy Gun Gatling Laser Energy Cannon Assembled Focal Cannon Ballistic Gun Assault Rifle Ballistic Cannon Hardcell Cannon Launcher Rocket Launcher Impact Weapon Thunder Hammer Slashing Weapon Katana Piercing Weapon Vortex Lance Build | -11 -10 -10 -9 -9 -9 -8 -8 -7 -7 -7 -7 -7 -7 -6 -6 -6 -6 -6 -5 -5 -5 -5 -5 ------- Run | Scr Mat Min Mat Min Exi Min Mat Fac Was Fac Low Zio Dee Pro Fac Low Low Dat Pro Fac Upp Upp War Slots Evolved 10 | . . . 2 . . . 2 2 . . . . . . 2 . . . . 2 . . . Power 1 | . . . . . . . . . . . . . . . . . . . . 1 . . . Propulsion . | . . . . . . . . . . . . . . . . . . . . . . . . Utility 9 | . . . 2 . . . 2 2 . . . . . . 2 . . . . 1 . . . Weapon . | . . . . . . . . . . . . . . . . . . . . . . . . Parts Attached 341 | 7 13 10 34 6 30 3 39 12 9 31 5 10 27 2 19 1 2 . 17 33 9 3 19 Power 26 | 1 3 1 2 . 3 . 1 2 2 1 . . 1 . 4 . . . 2 1 . . 2 Engine 18 | 1 3 1 2 . 3 . 1 2 1 . . . . . 1 . . . 1 . . . 2 Core 3 | . . . . . . . . . . . . . 1 . 2 . . . . . . . . Reactor 5 | . . . . . . . . . 1 1 . . . . 1 . . . 1 1 . . . Propulsion 39 | 2 2 6 6 . 2 . 4 . 1 . . . 3 . . . . . 4 4 3 . 2 Treads . | . . . . . . . . . . . . . . . . . . . . . . . . Leg 17 | 2 . . . . . . . . . . . . 2 . . . . . 4 4 3 . 2 Wheel 22 | . 2 6 6 . 2 . 4 . 1 . . . 1 . . . . . . . . . . Hover . | . . . . . . . . . . . . . . . . . . . . . . . . Flight . | . . . . . . . . . . . . . . . . . . . . . . . . Utility 157 | 2 4 1 15 2 16 1 16 7 4 14 2 3 16 1 11 . 1 . 5 22 6 3 5 Device 83 | 1 3 . 7 2 9 1 8 3 2 9 2 2 9 . 6 . . . 2 12 2 1 2 Storage 13 | 1 1 1 . . 4 . 1 . 1 . . . . 1 1 . . . 1 1 . . . Processor 11 | . . . 2 . . . . 2 . 1 . 1 . . 2 . . . 1 1 1 . . Hackware 7 | . . . . . . . 2 . 1 1 . . . . 1 . . . . 2 . . . Protection 43 | . . . 6 . 3 . 5 2 . 3 . . 7 . 1 . 1 . 1 6 3 2 3 Artifact . | . . . . . . . . . . . . . . . . . . . . . . . . Weapon 119 | 2 4 2 11 4 9 2 18 3 2 16 3 7 7 1 4 1 1 . 6 6 . . 10 Energy Gun 22 | . . 2 . . . . 10 2 1 6 . . 1 . . . . . . . . . . Energy Cannon 48 | . 4 . 9 2 5 2 6 . 1 2 2 6 2 . . . . . 3 2 . . 2 Ballistic Gun 4 | 2 . . . . 1 . . . . . . . . . . . . . . 1 . . . Ballistic Cannon 11 | . . . . . . . . . . 2 1 . 1 . 1 . 1 . 1 . . . 4 Launcher 23 | . . . 1 2 2 . 2 . . 3 . . 2 1 3 1 . . 2 1 . . 3 Special Weapon . | . . . . . . . . . . . . . . . . . . . . . . . . Impact Weapon 2 | . . . . . . . . . . . . . . . . . . . . 2 . . . Slashing Weapon 8 | . . . 1 . 1 . . 1 . 3 . 1 1 . . . . . . . . . . Piercing Weapon 1 | . . . . . . . . . . . . . . . . . . . . . . . 1 Special Melee Weapon . | . . . . . . . . . . . . . . . . . . . . . . . . Unidentified Prototypes 25 | . 1 . 2 . 4 . 3 . 1 1 . 1 2 . 2 . . . 1 3 . . 4 Corrupted Parts 4 | . . . . . . . . . . 1 . . . . . . . . 3 . . . . System Corruption 19 | . . . . . . . . . . 5 . . . . . . . . 14 . . . . Parts Lost 73 | . 2 . 6 1 6 . 2 . . 1 . . 9 1 6 1 3 . 11 11 3 . 10 Power 5 | . . . . . . . . . . 1 . . 1 . . . . . 1 1 . . 1 Propulsion 11 | . 2 . 2 . 2 . 1 . . . . . 2 . . . . . 1 1 . . . Utility 43 | . . . 2 1 3 . 1 . . . . . 5 1 5 1 2 . 7 7 3 . 5 Weapon 14 | . . . 2 . 1 . . . . . . . 1 . 1 . 1 . 2 2 . . 4 Highest Loss Streak 9 | . 2 . 2 1 6 . 1 . . 1 . . 6 1 2 1 1 . 9 4 2 . 5 To Critical Strikes 1 | . . . . . 1 . . . . . . . . . . . . . . . . . . Average Slot Usage (%) 93 | . 98 100 98 99 97 99 99 97 91 94 99 99 92 92 92 92 92 93 88 89 85 82 84 Engine 3 | . 13 14 10 11 10 11 9 7 6 . . . . . . . . . 5 . . . 5 Core 1 | . . . . . . . . . . . . . 6 7 5 6 6 6 . . . . . Reactor 2 | . . . . . . . . . . 5 7 7 . . . . . . . 6 5 5 2 Leg 6 | . 6 . . . . . . . . . . . 6 15 13 13 13 13 13 10 11 11 11 Wheel 9 | . 21 28 21 22 21 22 17 15 15 15 15 15 8 . . . . . . . . . . Device 15 | . 13 14 12 10 17 22 17 14 14 14 14 20 14 17 17 16 18 20 12 19 13 9 10 Storage 11 | . 14 14 11 11 11 11 9 7 7 7 7 7 7 15 18 20 16 13 16 11 11 11 10 Processor 10 | . . . 7 11 4 . . 15 15 15 23 23 22 13 7 13 13 13 19 8 4 5 5 Hackware 4 | . . . . . . . 9 7 7 7 . . . . 5 6 6 6 6 8 5 5 5 Protection 9 | . . . 12 11 11 11 17 13 7 9 15 9 8 5 8 2 3 6 . 6 18 18 16 Energy Gun 2 | . . 26 . . . . 5 14 14 10 . . 1 . . . . . . . . . . Energy Cannon 10 | . 23 1 19 21 10 21 12 . . 2 9 9 7 14 12 12 12 13 6 10 11 11 10 Naked Turns . | . . . . . . . . . . . . . . . . . . . . . . . . Heaviest Build 195 | 13 25 54 65 62 76 76 70 77 125 127 130 132 145 141 147 144 143 140 140 180 195 195 190 Greatest Support 60 | 20 20 26 26 26 26 24 24 24 24 24 24 24 60 60 60 60 60 60 60 58 58 50 60 Greatest Overweight (x) 12 | 2 1 2 5 2 3 3 2 3 5 5 5 5 12 2 2 4 2 2 3 5 3 3 3 Average Overweight (x) 2 | . . 1 2 2 1 2 2 2 3 4 4 4 5 2 2 2 2 2 1 2 3 3 2 Largest Inventory Capacity 25 | 8 10 20 20 20 20 20 20 20 25 25 25 25 25 25 25 25 25 25 25 25 25 25 25 Average Capacity 22 | 7 9 13 20 20 17 20 20 20 23 25 25 25 25 25 25 25 25 25 25 25 25 25 25 Most Carried 25 | 7 10 20 20 20 20 20 20 20 25 25 25 25 25 25 25 25 25 25 25 25 25 25 25 Average Carried 22 | 4 9 12 19 19 14 19 19 19 23 24 24 24 22 24 24 24 24 25 24 24 24 24 24 Final Capacity 25 | 8 10 20 20 20 20 20 20 20 25 25 25 25 25 25 25 25 25 25 25 25 25 25 25 Final Carried 25 | 6 10 20 20 20 20 20 20 20 25 24 25 24 25 25 25 25 25 25 25 25 25 25 19 Class Distribution -------------------- 54% | Mutant 26% | Golem 10% | Scavenger-Mutant Dominant Class ---------------- Mutant | -10/Materials Mutant | -10/Mines Scavenger-Mutant | -9/Materials Mutant | -9/Mines Mutant | -9/Exiles Mutant | -8/Mines Mutant | -8/Materials Mutant | -7/Factory Mutant | -7/Waste Mutant | -7/Factory Mutant | -7/Lower Caves Mutant | -7/Zion Mutant | -7/Deep Caves Golem | -6/Proximity Caves Golem | -6/Factory Golem | -6/Lower Caves Golem | -6/Lower Caves Golem | -6/Data Miner Scavenger-Mutant | -5/Proximity Caves Golem | -5/Factory Mutant | -5/Upper Caves Mutant | -5/Upper Caves Commander-Mutant | -5/Warlord Resources | -11 -10 -10 -9 -9 -9 -8 -8 -7 -7 -7 -7 -7 -7 -6 -6 -6 -6 -6 -5 -5 -5 -5 -5 ----------- Run | Scr Mat Min Mat Min Exi Min Mat Fac Was Fac Low Zio Dee Pro Fac Low Low Dat Pro Fac Upp Upp War Matter Collected 5305 | 342 250 100 330 66 324 30 420 120 90 367 118 26 433 48 294 86 62 . 461 626 254 50 408 Remotely . | . . . . . . . . . . . . . . . . . . . . . . . . Salvage Created 13742 | 119 340 88 652 265 3 220 1841 485 . 1572 61 . 1898 109 1571 57 728 . 636 2235 321 . 541 Parts 598 | 10 21 5 42 13 . 10 74 17 . 64 4 . 14 8 94 6 38 . 23 112 21 . 22 Haulers Intercepted 3 | . . . 1 . . . . . . . . . . . . . . . . 2 . . . Recyclers Shooed 2 | . . . . . . . . . . 1 . . . . 1 . . . . . . . . Parts Field Recycled . | . . . . . . . . . . . . . . . . . . . . . . . . Retrieved Matter . | . . . . . . . . . . . . . . . . . . . . . . . . Parts Self-Destructed 84 | . . . . . . . . . . . 9 . . 4 . 10 32 . 19 . 10 . . Prevented 4 | . . . . . . . . . . . 1 . . . . . 1 . . . 2 . . Kills | -11 -10 -10 -9 -9 -9 -8 -8 -7 -7 -7 -7 -7 -7 -6 -6 -6 -6 -6 -5 -5 -5 -5 -5 ------- Run | Scr Mat Min Mat Min Exi Min Mat Fac Was Fac Low Zio Dee Pro Fac Low Low Dat Pro Fac Upp Upp War Combat Hostiles Destroyed 278 | . 9 5 17 9 2 7 33 12 . 31 1 . 23 5 28 4 14 . 17 36 8 . 17 Melee 11 | . . . . . . . . 1 . . . . 9 . . . . . . . . . 1 Guns 46 | . 4 5 . . . . 7 9 . 11 . . 9 . . . . . . 1 . . . Cannons 157 | . 5 . 12 7 . 7 20 . . 9 1 . 2 1 21 1 14 . 9 29 8 . 11 AOE 53 | . . . 4 2 2 . 4 . . 7 . . 2 4 7 3 . . 8 5 . . 5 Classes Destroyed 24 | 2 3 1 2 1 . . 2 1 . 2 . . 2 . 1 . 3 . . . . . 4 Worker 5 | . . . . . . . . . . 2 . . . . 1 . . . . 2 . . . Builder 3 | . . . . . . . . . . . . . . . 1 . . . . 2 . . . Tunneler 5 | 3 . . . . . . . . . . . . . . 1 . . . . 1 . . . Hauler 3 | . . . 1 . . . . . . . . . . . . . . . . 2 . . . Recycler 5 | 1 . . . . . . . . . 1 . . . . 2 . . . . 1 . . . Mechanic 3 | . . . . . . . 1 . . . . . . . 1 . . . 1 . . . . Watcher 14 | . 2 . 2 . . . 5 . . 2 . . . . 3 . . . . . . . . Swarmer 70 | . 3 3 10 4 . 4 5 3 . 4 . . . 4 9 4 1 . 6 5 5 . . Saboteur 2 | . . . . . . . . . . . . . . . . . 1 . . . . . 1 Grunt 85 | . 6 . 3 4 . 3 19 4 . 18 . . . . 7 . 3 . 6 8 . . 4 Brawler 8 | . . . . . . . 1 . . . . . . . 2 . . . 3 1 . . 1 Duelist 6 | . . . . 1 . . . . . . . . . . . . 4 . . . . . 1 Protector 2 | . . . . . . . . . . . . . . . . . . . . . . . 2 Sentry 28 | . . . 6 . . . 8 3 . 3 1 . . . 4 . 1 . 1 1 . . . Demolisher 2 | . . . . . . . . . . . . . . . . . . . . . . . 2 Specialist 1 | . . . . . . . . . . . . . . . . . . . . . . . 1 Hunter 10 | . . . . . . . . . . 1 . . . 1 . . 1 . . 6 . . 1 Programmer 34 | . . . . . . . . 2 . 5 . . . . 6 . 1 . 2 15 . . 3 Behemoth 1 | . . . . . . . . . . . . . . . . . 1 . . . . . . Executioner 2 | . . . . . . . . . . . . . . . . . . . . . . . 2 Z-Light 3 | . . . . . . . . . . . . . 3 . . . . . . . . . . Decomposer 1 | . . . . . . . . . . . . . . . . . . . . . 1 . . Master Thief 3 | . . . . . . . . . . . . . . . . . 1 . . . 2 . . Assembled 4 | . . 2 . . 2 . . . . . . . . . . . . . . . . . . Golem 20 | . . . . . . . . . . . . . 19 . . . . . . . 1 . . Best Kill Streak 9 | 1 4 2 6 4 2 2 9 4 . 9 1 . 3 4 7 4 5 . 5 5 5 . 9 Combat Bots Only 9 | . 3 2 6 4 2 2 8 4 . 6 1 . 3 4 7 4 5 . 5 5 5 . 9 Max Kills in Single Turn 4 | 1 1 1 4 2 1 1 2 1 . 4 1 . 1 3 3 3 2 . 4 4 1 . 2 Gunslinging . | . . . . . . . . . . . . . . . . . . . . . . . . Exploded 4 | . . . 4 2 1 . 2 . . 3 . . 1 3 3 3 . . 3 4 . . 2 Melee 1 | . . . . . . . . 1 . . . . 1 . . . . . . . . . 1 Uniques/NPCs Destroyed 2 | . . . . . 1 . . . . . . . 1 . . . . . . . . . . 8R-AWN (-9/Exiles) Z-Imprinter (-7/Deep Caves) Combat | -11 -10 -10 -9 -9 -9 -8 -8 -7 -7 -7 -7 -7 -7 -6 -6 -6 -6 -6 -5 -5 -5 -5 -5 -------- Run | Scr Mat Min Mat Min Exi Min Mat Fac Was Fac Low Zio Dee Pro Fac Low Low Dat Pro Fac Upp Upp War Damage Taken 21210 | . 501 206 746 205 860 192 978 564 . 1136 34 . 2374 432 2064 239 875 . 2208 3091 513 . 3992 Core 3033 | . 106 41 79 36 122 40 226 81 . 105 . . 413 13 250 15 135 . 370 238 48 . 715 Absorbed by Shields 621 | . . . . . 83 . . . . . . . . . . . . . . . . . 538 Redirected to Shielding 115 | . . . . . . . 25 . . . . . 72 . . . . . . . 18 . . Regen/Repaired (Parts) 1477 | . 63 . 167 . . . 332 . . 282 . 76 . . 230 . . . . 327 . . . Core Remaining (%) 41 | 100 . 41 . . . 30 58 . . . . . . 12 . . . . 9 . . . . Volleys Fired 854 | 12 32 14 57 15 4 16 93 23 . 63 3 4 175 14 72 2 42 . 36 124 16 . 37 Largest 2 | 2 2 2 2 2 1 2 2 2 . 2 2 1 2 2 2 2 2 . 2 2 2 . 2 Hottest 220 | 40 120 85 136 136 33 120 141 160 . 141 170 100 220 64 90 68 90 . 175 208 50 . 165 Shots Fired 1457 | 24 64 28 112 30 4 32 179 46 . 126 6 4 192 28 114 4 79 . 62 212 34 5 72 Gun 371 | 24 40 28 3 . . . 36 46 . 82 . . 102 . . . . . . 10 . . . Cannon 1034 | . 24 . 108 29 . 32 140 . . 35 6 4 84 26 104 3 79 . 58 201 34 5 62 Launcher 52 | . . . 1 1 4 . 3 . . 9 . . 6 2 10 1 . . 4 1 . . 10 Special . | . . . . . . . . . . . . . . . . . . . . . . . . Kinetic 149 | 24 40 . . . . . . . . 11 1 . 9 . 5 . 6 . 30 10 . . 13 Thermal 1121 | . 24 . 90 29 . 32 104 46 . 106 5 4 177 26 99 3 73 . 28 201 34 5 35 Explosive 36 | . . . 1 1 4 . . . . . . . 2 2 10 1 . . 4 1 . . 10 Electromagnetic 137 | . . 28 21 . . . 75 . . 9 . . 4 . . . . . . . . . . Entropic 14 | . . . . . . . . . . . . . . . . . . . . . . . 14 Robot Hit Streak 37 | 8 18 2 10 13 1 7 9 37 . 22 15 . 33 18 12 14 20 . 8 23 9 2 5 Robot Miss Streak 7 | 3 4 3 5 6 1 2 7 3 . 3 . . 3 2 2 . 2 . 1 4 3 . 4 Penetration Max 1 | . . . . . . . . . . . . . . . . . . . . . . . 1 Secondary Targets 1 | . . 1 . . . . . . . . . . . . . . . . . . . . . Max Gunslinging Chain 1 | . . 1 . . . . . . . . . . . . . . . . . . . . . Shots Hit Robots 941 | 15 41 15 68 18 19 20 109 44 . 107 2 . 148 9 67 2 43 . 38 117 19 2 38 Core Hits 566 | 5 16 11 26 11 10 10 59 33 . 64 1 . 118 5 47 4 17 . 29 51 10 . 39 Critical Kills 1 | . . . . . . . . . . . . . 1 . . . . . . . . . . Critical Parts Destroyed 1 | . 1 . . . . . . . . . . . . . . . . . . . . . . Critical Strikes 23 | . 1 . . . 2 . 2 . . 10 . . 2 . 1 . . . . . . . 5 Burn 10 | . . . . . . . 1 . . 9 . . . . . . . . . . . . . Meltdown 1 | . . . . . . . . . . . . . 1 . . . . . . . . . . Destroy 1 | . 1 . . . . . . . . . . . . . . . . . . . . . . Blast 3 | . . . . . . . . . . 1 . . 1 . 1 . . . . . . . . Corrupt 1 | . . . . . . . 1 . . . . . . . . . . . . . . . . Sever 2 | . . . . . 2 . . . . . . . . . . . . . . . . . . Sunder 5 | . . . . . . . . . . . . . . . . . . . . . . . 5 Melee Attacks 108 | . . . 3 . 26 . . 4 . 3 . 22 44 . . . . . . 5 . . 1 Impact 5 | . . . . . . . . . . . . . . . . . . . . 5 . . . Slashing 102 | . . . 3 . 26 . . 4 . 3 . 22 44 . . . . . . . . . . Piercing . | . . . . . . . . . . . . . . . . . . . . . . . . Entropic 1 | . . . . . . . . . . . . . . . . . . . . . . . 1 Sneak Attacks 2 | . . . . . 1 . . . . . . . . . . . . . . 1 . . . Combat Hostiles . | . . . . . . . . . . . . . . . . . . . . . . . . Follow-up Attacks . | . . . . . . . . . . . . . . . . . . . . . . . . Damage Inflicted 38981 | 179 570 170 1465 519 787 469 3273 1133 . 3264 83 47 5629 672 4473 303 2161 . 2547 6851 968 40 3378 Guns 6411 | 179 374 170 12 . . . 539 1007 . 1497 . . 2463 . . . . . . 170 . . . Cannons 22276 | . 196 . 1314 390 . 469 2290 . . 806 83 . 739 369 3015 50 2161 . 1463 5677 968 40 2246 Explosions 7066 | . . . 139 129 213 . 444 . . 961 . 47 308 303 1409 253 . . 1084 720 . . 1056 Melee 3179 | . . . . . 574 . . 126 . . . . 2119 . . . . . . 284 . . 76 Ramming 49 | . . . . . . . . . . . . . . . 49 . . . . . . . . Kinetic 2754 | 179 374 . . . . . . . . 282 50 . 215 . 121 . 212 . 690 170 . . 461 Thermal 23996 | . 196 . 1006 488 . 469 1697 1007 . 2212 33 47 2987 369 2894 50 1949 . 773 6030 968 40 781 Explosive 4987 | . . . 139 31 213 . . . . . . . 260 303 1409 253 . . 1084 239 . . 1056 Electromagnetic 3012 | . . 170 320 . . . 1576 . . 770 . . 48 . . . . . . 128 . . . Impact 284 | . . . . . . . . . . . . . . . . . . . . 284 . . . Slashing 2819 | . . . . . 574 . . 126 . . . . 2119 . . . . . . . . . . Piercing . | . . . . . . . . . . . . . . . . . . . . . . . . Entropic 1080 | . . . . . . . . . . . . . . . . . . . . . . . 1080 Highest Corruption 32 | . . . . . . . 1 . . 5 1 . . 4 4 . . . 32 18 18 18 24 Average Corruption 10 | . . . . . . . 1 . . 1 1 . . 4 2 . . . 17 5 18 18 18 Corruption Purged 10 | . . . . . . . . . . 5 1 . . . 4 . . . . . . . . Corruption Blocked . | . . . . . . . . . . . . . . . . . . . . . . . . Effects 450 | . . . . . . . 12 . . 6 2 . . 5 19 . . . 91 73 88 54 100 Message Errors 99 | . . . . . . . 2 . . 1 . . . 1 5 . . . 25 11 22 13 19 Matter Fused 113 | . . . . . . . 2 . . . 1 . . 1 1 . . . 23 21 23 14 27 Heat Flow Errors 60 | . . . . . . . 4 . . 3 . . . . 1 . . . 12 9 10 6 15 Energy Discharges 61 | . . . . . . . 2 . . 1 . . . . 3 . . . 7 9 13 7 19 Parts Rejected 2 | . . . . . . . . . . . . . . . 1 . . . . 1 . . . Data Loss (minor) 44 | . . . . . . . . . . 1 1 . . . 3 . . . 8 9 6 6 10 Data Loss (major) 19 | . . . . . . . 2 . . . . . . . 1 . . . 5 3 2 2 4 Misfires 26 | . . . . . . . . . . . . . . 1 3 . . . 6 4 5 5 2 Alerts 15 | . . . . . . . . . . . . . . 2 1 . . . 3 4 4 1 . Misdirections 3 | . . . . . . . . . . . . . . . . . . . . 1 . . 2 Weapon Failures 8 | . . . . . . . . . . . . . . . . . . . 2 1 3 . 2 Overload Shots . | . . . . . . . . . . . . . . . . . . . . . . . . Overflow Damage 1739 | . 14 . 56 6 3 4 33 4 . 22 . . 40 20 258 15 66 . 183 723 131 23 138 Projectiles 1265 | . 14 . 56 6 . 4 22 . . 22 . . 34 9 146 . 66 . 95 551 131 23 86 Explosions 418 | . . . . . 3 . 11 . . . . . 6 11 112 15 . . 88 156 . . 16 Melee 56 | . . . . . . . . 4 . . . . . . . . . . . 16 . . 36 Knockbacks 22 | . . . . . . . . . . 7 . . 1 . 2 . 3 . 2 1 . . 6 Impact 2 | . . . . . . . . . . . . . . . 1 . . . . 1 . . . Kinetic 16 | . . . . . . . . . . 6 . . 1 . 1 . 2 . 2 . . . 4 Secondary 4 | . . . . . . . . . . 1 . . . . . . 1 . . . . . 2 Self-Inflicted Damage 368 | . . . . . 28 . 48 . . 11 . . 6 32 32 . . . 43 31 . . 137 Shots 16 | . . . . . 1 . 2 . . 1 . . 1 1 2 . . . 3 1 . . 4 Rammed . | . . . . . . . . . . . . . . . . . . . . . . . . Targets Rammed 6 | . . . . . . . . . . . . . . . 6 . . . . . . . . Kicked 6 | . . . . . . . . . . . . . . . 6 . . . . . . . . Crushed . | . . . . . . . . . . . . . . . . . . . . . . . . Highest Temperature 458 | . 243 . 189 354 4 198 353 449 . 420 156 39 458 6 177 . . . 218 270 262 269 282 Average Temperature 95 | . 81 . 55 126 3 107 87 143 . 100 71 39 133 3 24 . . . 56 87 104 125 108 Received Heat Transfer 3711 | . 282 . 204 24 . 81 441 147 . 333 6 . 561 . 474 . 183 . 288 180 . . 507 Effects 12 | . . . . 4 . . 1 . . 2 . . 5 . . . . . . . . . . Shutdowns 3 | . . . . . . . . . . 1 . . 2 . . . . . . . . . . Energy Bleed 1 | . . . . 1 . . . . . . . . . . . . . . . . . . . Interference 6 | . . . . 3 . . 1 . . 1 . . 1 . . . . . . . . . . Matter Decay 1 | . . . . . . . . . . . . . 1 . . . . . . . . . . Damage (minor) 1 | . . . . . . . . . . . . . 1 . . . . . . . . . . Siege Activations . | . . . . . . . . . . . . . . . . . . . . . . . . Robots Corrupted 4 | . . . . . . . 2 . . 2 . . . . . . . . . . . . . Combat Hostiles 4 | . . . . . . . 2 . . 2 . . . . . . . . . . . . . Parts Fried 21 | . . . 5 . . . 14 . . . . . . . . . . . . 2 . . . Impact Corruptions 2 | . . . . . . . . . . . . . . . . . . . . 2 . . . Robots Melted 6 | . . . 1 . . . . 2 . 2 . . 1 . . . . . . . . . . Combat Hostiles 6 | . . . 1 . . . . 2 . 2 . . 1 . . . . . . . . . . Parts Melted 45 | . . . 8 2 . 1 2 11 . 14 . . . . 1 . . . . 5 1 . . Heat Transferred 24155 | . 407 . 2035 816 . 740 2975 2150 . 4681 37 80 3262 200 1575 25 1050 . 275 3050 450 25 322 Parts Sabotaged 2 | . . . . . . . . . . . . . . . . . . . . . . . 2 Parts Stolen 7 | . . . . . . . . . . . . . . . . . 4 . . . 3 . . Parts Stripped . | . . . . . . . . . . . . . . . . . . . . . . . . Power Chain Reactions 8 | . . . . . . . 5 . . 3 . . . . . . . . . . . . . Missiles Intercepted . | . . . . . . . . . . . . . . . . . . . . . . . . Alert | -11 -10 -10 -9 -9 -9 -8 -8 -7 -7 -7 -7 -7 -7 -6 -6 -6 -6 -6 -5 -5 -5 -5 -5 ------- Run | Scr Mat Min Mat Min Exi Min Mat Fac Was Fac Low Zio Dee Pro Fac Low Low Dat Pro Fac Upp Upp War Peak Influence 697 | 20 267 130 483 462 . 121 496 292 36 475 . . . . 394 . . . . 697 . . . Initial 139 | . 13 . . 139 . . 46 85 36 25 . . . . . . . . . 12 . . . Average 213 | 8 77 26 338 273 . 63 251 149 36 198 . . . . 197 . . . . 277 . . . Maximum Alert Level 2 | . 1 . 2 2 . . 2 1 . 2 . . . . 1 . . . . 2 . . . Low Security (%) 48 | 100 92 100 4 10 . 100 27 81 100 60 . . . . 41 . . . . 39 . . . Level 1 39 | . 7 . 72 84 . . 59 18 . 25 . . . . 58 . . . . 32 . . . Level 2 12 | . . . 22 5 . . 12 . . 14 . . . . . . . . . 27 . . . Level 3 . | . . . . . . . . . . . . . . . . . . . . . . . . Level 4 . | . . . . . . . . . . . . . . . . . . . . . . . . Level 5 . | . . . . . . . . . . . . . . . . . . . . . . . . High Security . | . . . . . . . . . . . . . . . . . . . . . . . . Max Security . | . . . . . . . . . . . . . . . . . . . . . . . . Squads Dispatched 43 | . 1 . 1 2 . . 3 2 . 10 . . . . 10 . 1 . 1 12 . . . Investigation 12 | . 1 . 1 . . . 2 1 . 5 . . . . 1 . . . . 1 . . . Extermination 18 | . . . . . . . . 1 . 4 . . . . 6 . . . . 7 . . . Reinforcement 9 | . . . . . . . 1 . . 1 . . . . 3 . . . . 4 . . . Assault 4 | . . . . 2 . . . . . . . . . . . . 1 . 1 . . . . Garrison . | . . . . . . . . . . . . . . . . . . . . . . . . Intercept . | . . . . . . . . . . . . . . . . . . . . . . . . Searches Triggered . | . . . . . . . . . . . . . . . . . . . . . . . . Construction Impeded 2 | . . . . . . . 1 . . . . . . . 1 . . . . . . . . Haulers Reinforced 3 | . . . . . . . . . . . . . . . 1 . . . . 2 . . . Active Scanning Responses . | . . . . . . . . . . . . . . . . . . . . . . . . Cargo Convoy Interrupts . | . . . . . . . . . . . . . . . . . . . . . . . . Stealth | -11 -10 -10 -9 -9 -9 -8 -8 -7 -7 -7 -7 -7 -7 -6 -6 -6 -6 -6 -5 -5 -5 -5 -5 --------- Run | Scr Mat Min Mat Min Exi Min Mat Fac Was Fac Low Zio Dee Pro Fac Low Low Dat Pro Fac Upp Upp War Distress Signals 15 | . 1 . 2 1 . . 1 1 . 3 . . . . 1 . . . . 5 . . . Communications Jammed . | . . . . . . . . . . . . . . . . . . . . . . . . Distress Signals . | . . . . . . . . . . . . . . . . . . . . . . . . Times Spotted 447 | . 15 10 40 13 7 10 51 14 1 45 1 . 23 5 41 9 25 . 21 60 11 . 45 Peak Tracking Total 18 | . 5 3 4 4 9 4 6 4 1 6 1 . 3 4 8 4 12 . 8 5 5 . 18 Tactical Retreats 22 | . . 3 . . . 2 4 1 . . . . . . 2 2 4 . 1 3 . . . Traps | -11 -10 -10 -9 -9 -9 -8 -8 -7 -7 -7 -7 -7 -7 -6 -6 -6 -6 -6 -5 -5 -5 -5 -5 ------- Run | Scr Mat Min Mat Min Exi Min Mat Fac Was Fac Low Zio Dee Pro Fac Low Low Dat Pro Fac Upp Upp War Traps Triggered 14 | . 1 . . . . . 4 2 . 3 . . . . . . . . . 1 . . 3 Indirectly 3 | . . . . . . . 3 . . . . . . . . . . . . . . . . Trap Hack Attempts . | . . . . . . . . . . . . . . . . . . . . . . . . Triggered . | . . . . . . . . . . . . . . . . . . . . . . . . Disarmed . | . . . . . . . . . . . . . . . . . . . . . . . . Reprogrammed . | . . . . . . . . . . . . . . . . . . . . . . . . Reused . | . . . . . . . . . . . . . . . . . . . . . . . . Traps Extracted . | . . . . . . . . . . . . . . . . . . . . . . . . Installed . | . . . . . . . . . . . . . . . . . . . . . . . . Triggered 32 | . . . . . . . 1 . . . 2 . . . . . . . 1 1 1 . 26 Machines | -11 -10 -10 -9 -9 -9 -8 -8 -7 -7 -7 -7 -7 -7 -6 -6 -6 -6 -6 -5 -5 -5 -5 -5 ---------- Run | Scr Mat Min Mat Min Exi Min Mat Fac Was Fac Low Zio Dee Pro Fac Low Low Dat Pro Fac Upp Upp War Machines Disabled 30 | . . 1 1 1 3 . 1 2 . . . 3 2 1 4 . . . . 9 . . 2 Max in Single Turn 2 | . . 1 1 1 2 . 1 . . . . 1 1 1 1 . . . . 1 . . 1 Garrison Access 2 | . . . . . . . . . . . . . . . 1 . . . . 1 . . . Machines Sabotaged . | . . . . . . . . . . . . . . . . . . . . . . . . Garrisons Compromised . | . . . . . . . . . . . . . . . . . . . . . . . . Overloaded Fab Kills . | . . . . . . . . . . . . . . . . . . . . . . . . Hacking | -11 -10 -10 -9 -9 -9 -8 -8 -7 -7 -7 -7 -7 -7 -6 -6 -6 -6 -6 -5 -5 -5 -5 -5 --------- Run | Scr Mat Min Mat Min Exi Min Mat Fac Was Fac Low Zio Dee Pro Fac Low Low Dat Pro Fac Upp Upp War Machines Accessed 108 | . 11 1 18 1 2 . 12 7 . 19 1 . . 1 15 . . 4 . 12 1 . 3 Terminals 49 | . 8 . 12 1 . . 8 3 . 8 . . . 1 4 . . . . 4 . . . Fabricators 8 | . . . . . . . . 2 . 2 . . . . 4 . . . . . . . . Repair Stations 14 | . 1 . 2 . . . 1 . . 3 . . . . 4 . . . . 3 . . . Recycling Units 11 | . 2 . 2 . . . 1 . . 3 . . . . 2 . . . . 1 . . . Scanalyzers 9 | . . . 2 . . . 2 1 . 1 . . . . . . . . . 3 . . . Garrison Access 5 | . . . . . . . . 1 . 2 . . . . 1 . . . . 1 . . . Total Hacks 410 | . 34 1 87 2 2 . 76 21 . 65 1 . . 1 48 . . 30 . 37 1 . 4 Successful 262 | . 20 1 61 . 2 . 52 11 . 34 1 . . 1 22 . . 30 . 22 1 . 4 Failed 145 | . 13 . 25 2 . . 23 10 . 31 . . . . 26 . . . . 15 . . . Catastrophic 15 | . 1 . 1 . . . 3 4 . 2 . . . . 2 . . . . 2 . . . Database Lockouts 3 | . 1 . 1 . . . 1 . . . . . . . . . . . . . . . . Manual 153 | . 18 . 40 2 1 . 39 11 . 23 . . . 1 13 . . . . 4 . . 1 Terminals 182 | . 22 . 50 2 . . 43 11 . 27 . . . 1 17 . . . . 9 . . . Fabricators 19 | . . . . . . . . 6 . 6 . . . . 7 . . . . . . . . Repair Stations 56 | . 6 . 6 . . . 8 . . 12 . . . . 13 . . . . 11 . . . Recycling Units 40 | . 6 . 6 . . . 5 . . 11 . . . . 9 . . . . 3 . . . Scanalyzers 62 | . . . 25 . . . 20 2 . 4 . . . . . . . . . 11 . . . Garrison Access 12 | . . . . . . . . 2 . 5 . . . . 2 . . . . 3 . . . Terminal Hacks 95 | . 8 1 13 . 2 . 15 3 . 9 1 . . 1 5 . . 30 . 2 1 . 4 Record 16 | . . . . . 1 . . . . . . . . 1 . . . 11 . . . . 3 Part Schematic 11 | . . . . . . . . . . 1 . . . . . . . 10 . . . . . Robot Schematic 6 | . . . . . . . . . . . . . . . . . . 6 . . . . . Robot Analysis 10 | . 4 . 1 . . . 3 . . 2 . . . . . . . . . . . . . Prototype ID Bank 12 | . 1 . 3 . . . 3 . . 2 . . . . . . . 3 . . . . . Open Door 4 | . . 1 . . . . . . . . 1 . . . . . . . . . 1 . 1 Branch Access Points 2 | . . . . . . . . . . 1 . . . . 1 . . . . . . . . Terminal Index 3 | . 1 . 1 . . . . 1 . . . . . . . . . . . . . . . Garrison Index 1 | . . . . . . . 1 . . . . . . . . . . . . . . . . Alert Level 5 | . . . . . . . 4 . . . . . . . 1 . . . . . . . . Unreport Threat 5 | . . . 1 . . . 3 . . . . . . . 1 . . . . . . . . Locate Traps 13 | . 2 . 4 . . . 1 2 . 1 . . . . 2 . . . . 1 . . . Security Status 3 | . . . 1 . . . . . . 1 . . . . . . . . . 1 . . . Garrison Status 1 | . . . 1 . . . . . . . . . . . . . . . . . . . . Hauler Manifests 1 | . . . . . . . . . . 1 . . . . . . . . . . . . . Zone Layout 1 | . . . 1 . . . . . . . . . . . . . . . . . . . . EX-Prototype ID Bank 1 | . . . . . 1 . . . . . . . . . . . . . . . . . . Fabricator Hacks 7 | . . . . . . . . 2 . 4 . . . . 1 . . . . . . . . Network Status 2 | . . . . . . . . 1 . . . . . . 1 . . . . . . . . Load Schematic 2 | . . . . . . . . . . 2 . . . . . . . . . . . . . Build 3 | . . . . . . . . 1 . 2 . . . . . . . . . . . . . Repair Station Hacks 41 | . 6 . 6 . . . 8 . . 7 . . . . 6 . . . . 8 . . . Scan Component 21 | . 3 . 3 . . . 4 . . 4 . . . . 3 . . . . 4 . . . Repair 20 | . 3 . 3 . . . 4 . . 3 . . . . 3 . . . . 4 . . . Recycling Unit Hacks 9 | . 2 . 2 . . . 1 . . 3 . . . . 1 . . . . . . . . Retrieve Components 9 | . 2 . 2 . . . 1 . . 3 . . . . 1 . . . . . . . . Scanalyzer 52 | . . . 25 . . . 15 1 . 2 . . . . . . . . . 9 . . . Insert Component 24 | . . . 10 . . . 7 1 . 1 . . . . . . . . . 5 . . . Analyze 28 | . . . 15 . . . 8 . . 1 . . . . . . . . . 4 . . . Garrison Access Hacks 2 | . . . . . . . . . . . . . . . 1 . . . . 1 . . . Seal Access 2 | . . . . . . . . . . . . . . . 1 . . . . 1 . . . Unauthorized Hacks 56 | . 4 . 15 . . . 13 5 . 9 . . . . 8 . . . . 2 . . . Terminals 36 | . 3 . 13 . . . 11 2 . 4 . . . . 1 . . . . 2 . . . Track 8 | . . . 4 . . . 3 . . . . . . . . . . . . 1 . . . Assimilate 3 | . . . 2 . . . 1 . . . . . . . . . . . . . . . . Botnet 18 | . 2 . 4 . . . 6 2 . 2 . . . . 1 . . . . 1 . . . Disrupt 2 | . . . 2 . . . . . . . . . . . . . . . . . . . . Operators 5 | . 1 . 1 . . . 1 . . 2 . . . . . . . . . . . . . Fabricators 6 | . . . . . . . . 3 . . . . . . 3 . . . . . . . . Report 1 | . . . . . . . . 1 . . . . . . . . . . . . . . . Liberate 5 | . . . . . . . . 2 . . . . . . 3 . . . . . . . . Repair Stations . | . . . . . . . . . . . . . . . . . . . . . . . . Recycling Units 13 | . 1 . 2 . . . 2 . . 4 . . . . 4 . . . . . . . . Monitor 1 | . . . . . . . . . . . . . . . 1 . . . . . . . . Reject 7 | . 1 . 1 . . . 1 . . 3 . . . . 1 . . . . . . . . Recyclers 1 | . . . . . . . . . . . . . . . 1 . . . . . . . . Mask 4 | . . . 1 . . . 1 . . 1 . . . . 1 . . . . . . . . Scanalyzers . | . . . . . . . . . . . . . . . . . . . . . . . . Garrison Access 1 | . . . . . . . . . . 1 . . . . . . . . . . . . . Reprogram 1 | . . . . . . . . . . 1 . . . . . . . . . . . . . Data Cores Recovered . | . . . . . . . . . . . . . . . . . . . . . . . . Used . | . . . . . . . . . . . . . . . . . . . . . . . . Hacking Detections 95 | . 11 . 18 1 . . 12 7 . 18 . . . 1 15 . . . . 12 . . . Full Trace Events 9 | . 1 . 1 . . . 1 1 . 3 . . . . 1 . . . . 1 . . . Feedback Events . | . . . . . . . . . . . . . . . . . . . . . . . . Feedback Blocked . | . . . . . . . . . . . . . . . . . . . . . . . . Robot Schematics Acquired 10 | . . . . . . . . . . . . 4 . . . . . 6 . . . . . Robots Built 4 | . . . . . . . . 4 . . . . . . . . . . . . . . . Authchips . | . . . . . . . . . . . . . . . . . . . . . . . . Time 134 | . . . . . . . . 134 . . . . . . . . . . . . . . . Total Robot Build Rating 16 | . . . . . . . . 16 . . . . . . . . . . . . . . . Part Schematics Acquired 43 | . . . 9 . . . 5 . . 2 . 15 . . . . . 10 . 2 . . . Parts Built 3 | . . . . . . . . . . 3 . . . . . . . . . . . . . Authchips 1 | . . . . . . . . . . 1 . . . . . . . . . . . . . Time 177 | . . . . . . . . . . 177 . . . . . . . . . . . . . Total Part Build Rating 20 | . . . . . . . . . . 20 . . . . . . . . . . . . . Parts Repaired 19 | . 3 . 3 . . . 4 . . 3 . . . . 2 . . . . 4 . . . Time 1197 | . 121 . 95 . . . 280 . . 237 . . . . 195 . . . . 269 . . . Parts Recycled . | . . . . . . . . . . . . . . . . . . . . . . . . Recycled Matter . | . . . . . . . . . . . . . . . . . . . . . . . . Retrieved Matter . | . . . . . . . . . . . . . . . . . . . . . . . . Retrieved Components 46 | . 12 . 11 . . . 8 . . 6 . . . . 9 . . . . . . . . Parts Scanalyzed 19 | . . . 9 . . . 5 1 . 1 . . . . . . . . . 3 . . . Part Schematics Acquired 17 | . . . 9 . . . 5 . . 1 . . . . . . . . . 2 . . . Parts Damaged . | . . . . . . . . . . . . . . . . . . . . . . . . Bothacking | -11 -10 -10 -9 -9 -9 -8 -8 -7 -7 -7 -7 -7 -7 -6 -6 -6 -6 -6 -5 -5 -5 -5 -5 ------------ Run | Scr Mat Min Mat Min Exi Min Mat Fac Was Fac Low Zio Dee Pro Fac Low Low Dat Pro Fac Upp Upp War Used RIF Installer . | . . . . . . . . . . . . . . . . . . . . . . . . Robots Hacked . | . . . . . . . . . . . . . . . . . . . . . . . . Non-combat . | . . . . . . . . . . . . . . . . . . . . . . . . Combat . | . . . . . . . . . . . . . . . . . . . . . . . . Robot Hacks Applied . | . . . . . . . . . . . . . . . . . . . . . . . . Relay Couplers Released . | . . . . . . . . . . . . . . . . . . . . . . . . Fabnet Peak Effective % . | . . . . . . . . . . . . . . . . . . . . . . . . Robots Rewired 7 | . . . . . . . . . . . . . . . . . . . 2 . . . 5 Allies Hacked . | . . . . . . . . . . . . . . . . . . . . . . . . Hacks Repelled . | . . . . . . . . . . . . . . . . . . . . . . . . Allies | -11 -10 -10 -9 -9 -9 -8 -8 -7 -7 -7 -7 -7 -7 -6 -6 -6 -6 -6 -5 -5 -5 -5 -5 -------- Run | Scr Mat Min Mat Min Exi Min Mat Fac Was Fac Low Zio Dee Pro Fac Low Low Dat Pro Fac Upp Upp War Total Allies 26 | . . 3 1 3 . . . 4 . 2 . 3 . . 2 . . . 3 . . . 5 Largest Group 5 | . . 3 3 4 4 1 1 4 . 2 . 3 3 . 2 . . . 2 . . . 5 Highest-Rated Group 258 | . . 40 40 87 87 10 10 48 . 32 . 78 78 . 82 . . . 96 . . . 258 Highest-Rated Ally 96 | . . 16 16 31 31 10 10 12 . 16 . 28 28 . 41 . . . 96 . . . 65 Total Orders 41 | . . . 4 4 9 4 2 . . . . . . . . . . . . 8 1 3 6 STAY 13 | . . . 2 2 5 2 1 . . . . . . . . . . . . . . . 1 FOLLOW 10 | . . . 2 2 2 2 1 . . . . . . . . . . . . . . . 1 EXPLORE 14 | . . . . . . . . . . . . . . . . . . . . 7 1 3 3 RETURN 4 | . . . . . 2 . . . . . . . . . . . . . . 1 . . 1 Ally Attacks 250 | . . . 49 21 68 . . 9 . 50 . . 9 . 2 . . . 17 . . . 25 Total Damage 3958 | . . . 536 417 383 . . 248 . 473 . . 476 . 39 . . . 400 . . . 986 Kills 31 | . . . 10 3 3 . . 1 . 2 . . 5 . 1 . . . . . . . 6 Allies Corrupted 1 | . . . . . . . . . . . . . . . . . . . 1 . . . . Allies Melted 1 | . . . . . . . . . . . . . . . . . . . . . . . 1 Intel | -11 -10 -10 -9 -9 -9 -8 -8 -7 -7 -7 -7 -7 -7 -6 -6 -6 -6 -6 -5 -5 -5 -5 -5 ------- Run | Scr Mat Min Mat Min Exi Min Mat Fac Was Fac Low Zio Dee Pro Fac Low Low Dat Pro Fac Upp Upp War Robot Analysis Total 10 | . 4 . 1 . . . 3 . . 2 . . . . . . . . . . . . . Derelict Logs Recovered 17 | . . 2 . 2 . . . . . . 2 2 . 2 . 1 2 . 3 . 1 . . Drone Launches 27 | . . . . . 11 . . . . . . . . . . . . . . 8 1 3 4 Drone Recoveries 21 | . . . . . 9 . . . . . . . . . . . . . . 6 1 3 2 Exploration | -11 -10 -10 -9 -9 -9 -8 -8 -7 -7 -7 -7 -7 -7 -6 -6 -6 -6 -6 -5 -5 -5 -5 -5 ------------- Run | Scr Mat Min Mat Min Exi Min Mat Fac Was Fac Low Zio Dee Pro Fac Low Low Dat Pro Fac Upp Upp War Turns Passed 41151 | 158 1148 996 1965 871 2206 768 2958 828 367 2661 1302 2380 3011 1679 2047 1671 2237 164 2191 4262 1986 1178 2117 Spaces Moved 19943 | 90 877 764 1324 592 1598 518 1705 556 231 1237 747 1367 1044 764 797 723 999 79 879 1422 618 327 685 Core 7 | 7 . . . . . . . . . . . . . . . . . . . . . . . Treads . | . . . . . . . . . . . . . . . . . . . . . . . . Legs 7724 | 83 145 . . . . . . . . . . . 203 764 797 723 999 79 879 1422 618 327 685 Wheels 12212 | . 732 764 1324 592 1598 518 1705 556 231 1237 747 1367 841 . . . . . . . . . . Hover . | . . . . . . . . . . . . . . . . . . . . . . . . Flight . | . . . . . . . . . . . . . . . . . . . . . . . . Fastest Speed 50 | 50 80 95 110 120 105 120 120 120 135 150 150 150 165 210 210 210 210 210 180 235 285 295 235 Average Speed 171 | 116 94 100 115 120 118 120 120 122 146 156 164 164 185 210 210 214 210 210 232 246 293 295 277 Slowest Speed 470 | 150 120 120 155 120 135 135 120 135 165 165 165 165 270 210 210 270 210 210 240 470 295 295 295 Overloaded Moves . | . . . . . . . . . . . . . . . . . . . . . . . . Propulsion Burnouts . | . . . . . . . . . . . . . . . . . . . . . . . . Robots Hopped . | . . . . . . . . . . . . . . . . . . . . . . . . Cave-ins Triggered 2 | . . . . . . . . . . . . . . 1 . . . . 1 . . . . Exploration Rate (%) 76 | 5 98 92 96 97 89 91 93 17 88 34 78 89 86 80 32 90 91 69 97 38 96 88 91 Regions Visited 23 Branch Regions 15 Pre-discovered Areas 10 | . . . . 1 1 . . . . . 1 2 . 1 . . 1 1 2 . . . . Known Exits Taken 10 | . . . . . . . . . . 1 1 1 1 . 1 1 1 1 1 1 . . . Unknown Exits Taken 11 | 1 1 1 1 1 1 1 1 . . . . . . 1 . . . . . . 1 1 . Scrap Searched 26 | . . 1 . 3 . 2 . . . . 2 2 . 5 . 1 4 . 2 . 2 2 . Spaces Dug 153 | . . . 3 . . . 10 1 . 3 4 7 40 12 7 . 20 . . 41 . . 5 Terrain Destroyed 737 | . . . 4 23 21 4 50 1 . 7 4 13 92 52 111 15 31 . 65 85 16 4 139 Melee 14 | . . . 3 . . . . 1 . 3 . 7 . . . . . . . . . . . Projectile 301 | . . . . . . 4 16 . . 2 4 1 52 17 24 2 31 . 20 76 16 4 32 AOE 422 | . . . 1 23 21 . 34 . . 2 . 5 40 35 87 13 . . 45 9 . . 107 Terrain Rammed . | . . . . . . . . . . . . . . . . . . . . . . . . Walls Destroyed . | . . . . . . . . . . . . . . . . . . . . . . . . Machines Disabled . | . . . . . . . . . . . . . . . . . . . . . . . . Actions | -11 -10 -10 -9 -9 -9 -8 -8 -7 -7 -7 -7 -7 -7 -6 -6 -6 -6 -6 -5 -5 -5 -5 -5 --------- Run | Scr Mat Min Mat Min Exi Min Mat Fac Was Fac Low Zio Dee Pro Fac Low Low Dat Pro Fac Upp Upp War Total 25408 | 116 1138 970 1641 720 1893 643 2472 663 260 1862 814 1453 1855 814 1057 840 1061 78 964 1966 759 542 827 Wait 3532 | . 185 131 168 105 139 103 591 55 2 508 53 35 528 29 137 112 9 . 2 322 99 209 10 Move 19920 | 89 876 763 1323 591 1597 517 1704 556 230 1236 746 1366 1043 762 796 722 998 78 878 1421 617 326 685 Hop . | . . . . . . . . . . . . . . . . . . . . . . . . Pick Up 253 | 7 18 20 28 2 43 2 18 5 8 11 3 5 15 1 4 . 6 . 10 23 9 1 14 Fast Attach 82 | 7 3 . 6 . 4 . 12 4 5 5 2 2 1 1 9 . 1 . 3 9 4 1 3 Attach 110 | . 6 2 11 1 10 2 8 4 1 6 2 5 16 . 4 . . . 7 12 2 1 10 Detach 76 | . 1 . 4 . 4 . 2 1 2 1 . 4 9 2 19 3 3 . . 18 1 . 2 Swap 149 | . 4 8 17 5 16 1 19 4 3 20 1 3 10 1 6 1 1 . 7 12 3 1 6 Drop 233 | 1 13 13 24 1 50 2 25 7 8 9 4 7 14 3 4 . 1 . 4 20 8 3 12 Fire 854 | 12 32 14 57 15 4 16 93 23 . 63 3 4 175 14 72 2 42 . 36 124 16 . 37 Melee 108 | . . . 3 . 26 . . 4 . 3 . 22 44 . . . . . . 5 . . 1 Ram . | . . . . . . . . . . . . . . . . . . . . . . . . Kick 6 | . . . . . . . . . . . . . . . 6 . . . . . . . . Crush . | . . . . . . . . . . . . . . . . . . . . . . . . Escape Stasis 1 | . . . . . . . . . . . . . . 1 . . . . . . . . . Rewire 84 | . . 19 . . . . . . 1 . . . . . . . . . 17 . . . 47 Trap . | . . . . . . . . . . . . . . . . . . . . . . . . Miscellaneous . | . . . . . . . . . . . . . . . . . . . . . . . . Route ------- -11/Scrapyard -10/Materials (discovered 5 exits: *Mat x3 / *Min x2) -10/Mines -9/Materials (discovered 5 exits: *Mat x3 / *Min x2) -9/Mines (discovered 3 exits: *Mat x2 / *Exi) -9/Exiles -8/Mines (discovered 2 exits: *Mat x2) -8/Materials (discovered 4 exits: *Fac x2 / *Sto x2) -7/Factory -7/Waste -7/Factory (discovered 3 exits: *Fac / *Low x2) -7/Lower Caves (discovered 2 exits: *Low / *Zio) -7/Zion (discovered 2 exits: *Dee / [*Pro]) -7/Deep Caves -6/Proximity Caves -6/Factory (discovered 4 exits: *Fac x2 / *Low x2) -6/Lower Caves -6/Lower Caves (discovered 2 exits: *Fac / *Dat) -6/Data Miner -5/Proximity Caves -5/Factory (discovered 3 exits: [*Fac x2] / *Upp) -5/Upper Caves -5/Upper Caves (discovered 2 exits: [*Fac] / *War) -5/Warlord History --------- Turn | Location | Event 4 | -11/Scrapyard | Discovered new exit (range 16) 159 | -11/Scrapyard | Entered Materials 301 | -10/Materials | Build established: Mutant 311 | -10/Materials | Discovered new exit (range 15) 493 | -10/Materials | Discovered new exit (range 7) 718 | -10/Materials | Discovered new exit (range 14) 886 | -10/Materials | Central database locked down 922 | -10/Materials | Discovered new exit (range 10) 944 | -10/Materials | Discovered new exit (range 8) 1095 | -10/Materials | Repaired EM Shotgun 1147 | -10/Materials | Repaired Hvy. Ion Engine 1186 | -10/Materials | Repaired Imp. Heat Sink 1307 | -10/Materials | Entered Mines 1308 | -10/Mines | Assembled infested the area 1469 | -10/Mines | Discovered new exit (range 10) 1481 | -10/Mines | Found the Drone Emporium 1487 | -10/Mines | Found Prototype Device 1717 | -10/Mines | Core integrity fell below 50% 1750 | -10/Mines | A weapon hastily lodged in a ceiling crevice suddenly fell to the ground 1866 | -10/Mines | Learned Materials terminal intel 1984 | -10/Mines | Assisted by bots powering up and referring to "LRC-V3" 2043 | -10/Mines | Received a Rocket Launcher from a helpful Derelict 2303 | -10/Mines | Entered Materials 2303 | -9/Materials | Accompanied by 3 allies 2303 | -9/Materials | Evolved 2 slots: Utility x2 2304 | -9/Materials | Loaded intel: 12 terminal locations 2309 | -9/Materials | Identified Thief Drone Bay 2543 | -9/Materials | Discovered new exit (range 13) 2579 | -9/Materials | Build established: Scavenger-Mutant 2592 | -9/Materials | Discovered new exit (range 16) 2799 | -9/Materials | Central database locked down 2900 | -9/Materials | Discovered new exit (range 5) 3266 | -9/Materials | Build established: Mutant 3338 | -9/Materials | Discovered new exit (range 10) 3425 | -9/Materials | Repaired Hvy. Ion Engine 3689 | -9/Materials | Discovered new exit (range 10) 3995 | -9/Materials | Repaired Actuator Array 4028 | -9/Materials | Repaired Med. Armor Plating 4268 | -9/Materials | Entered Mines 4268 | -9/Mines | Accompanied by 1 ally 4350 | -9/Mines | Learned location of Storage (-8) 4507 | -9/Mines | Discovered new exit (range 7) 4552 | -9/Mines | Learned 2 Materials zone layouts 4579 | -9/Mines | Met a Derelict testing a Signal Generator 4655 | -9/Mines | Discovered new exit (range 8) 4667 | -9/Mines | Found a hidden stash of uninstalled traps 4711 | -9/Mines | Learned Materials terminal intel 4791 | -9/Mines | Deemed a non-threat by the Exiles lab entrance 4791 | -9/Mines | Discovered new exit (range 5) 5139 | -9/Mines | Entered Exiles 5139 | -9/Exiles | Accompanied by 4 allies 5169 | -9/Exiles | Led the pair of lost Derelicts to a safe place 5169 | -9/Exiles | Met 8R-AWN 5189 | -9/Exiles | Met EX-HEX 5240 | -9/Exiles | Met EX-DEC 5245 | -9/Exiles | Learned location of Zion (-7) 5802 | -9/Exiles | Met EX-BIN 5816 | -9/Exiles | Aligned with FarCom system 5817 | -9/Exiles | Given EX-Vault access code 5845 | -9/Exiles | Opened EX-Vault 5852 | -9/Exiles | Found Superbattery 5858 | -9/Exiles | Found YOLO Cannon 5865 | -9/Exiles | Found XL Autogun Array 5893 | -9/Exiles | Warned to stay clear of 0b10 Research branches 5995 | -9/Exiles | Discovered new exit (range 14) 6381 | -9/Exiles | Visited The Gauntlet 6915 | -9/Exiles | Attacked by the Exiles 6949 | -9/Exiles | Core integrity fell below 50% 7015 | -9/Exiles | Lost 6 parts (2n3u1w) 7049 | -9/Exiles | Found Prototype Ballistic Gun 7054 | -9/Exiles | Allies destroyed 8R-AWN 7064 | -9/Exiles | Found Prototype Device 7108 | -9/Exiles | Identified AS-neutralizer No. 17b 7114 | -9/Exiles | Identified 8R-AWN's Boregun 7345 | -9/Exiles | Stole two prototypes: YOLO Cannon, Superbattery 7345 | -9/Exiles | Entered Mines 7345 | -8/Mines | Accompanied by 1 ally 7799 | -8/Mines | Discovered new exit (range 12) 8104 | -8/Mines | Discovered new exit (range 9) 8113 | -8/Mines | Entered Materials 8113 | -8/Materials | Accompanied by 1 ally 8113 | -8/Materials | Evolved 2 slots: Utility x2 8114 | -8/Materials | Identified exit to Storage 8116 | -8/Materials | Loaded intel: 10 terminal locations 8914 | -8/Materials | Discovered new exit (range 14) 9061 | -8/Materials | Destroyed 8 combat bots 9239 | -8/Materials | Repaired Lyr. Light Armor Plating 9764 | -8/Materials | Central database locked down 9876 | -8/Materials | Discovered new exit (range 16) 10227 | -8/Materials | Build established: Hacker-Mutant 10599 | -8/Materials | Repaired Broken Adv. Myomer Leg 10623 | -8/Materials | Build established: Mutant 10668 | -8/Materials | Repaired Adv. Weapon Cycler 10713 | -8/Materials | Repaired Lyr. Light Armor Plating 11071 | -8/Materials | Entered Factory 11071 | -7/Factory | Evolved 2 slots: Utility x2 11627 | -7/Factory | Fabricated S-27 Virus? 11899 | -7/Factory | Sucked down chute 11899 | -7/Factory | Entered Waste 11899 | -7/Waste | The area was eerily silent 12159 | -7/Waste | Discovered new exit (range 14) 12230 | -7/Waste | A Compactor rumbled back to life 12230 | -7/Waste | Spotted C-40 Crusher 12266 | -7/Waste | Entered Factory 13130 | -7/Factory | Repaired Broken Hardcell Cannon 13341 | -7/Factory | Repaired Broken Hvy. Neutron Cannon 13499 | -7/Factory | Identified exit to Lower Caves 13521 | -7/Factory | Discovered new exit (range 6) 14301 | -7/Factory | Repaired Exp. Heat Sink 14537 | -7/Factory | Fabricated Hvy. Neutron Cannon (x2) 14742 | -7/Factory | Fabricated Exp. Heat Sink (x1) 14927 | -7/Factory | Entered Lower Caves 15523 | -7/Lower Caves | Spotted B-75 Beast 15745 | -7/Lower Caves | Attracted the attention of an 0b10 checkpoint 15917 | -7/Lower Caves | Learned Factory emergency access door positions 15932 | -7/Lower Caves | Discovered new exit (range 7) 15940 | -7/Lower Caves | Identified exit to Lower Caves 15989 | -7/Lower Caves | A Derelict revealed a hidden shortcut to a safe place 15993 | -7/Lower Caves | Identified exit to Zion 16229 | -7/Lower Caves | Entered Zion 16459 | -7/Zion | Discovered new exit (range 15) 16797 | -7/Zion | Gained Derelict followers 16868 | -7/Zion | Learned location of Armory (-3) 17264 | -7/Zion | Learned Factory stockpile data 17785 | -7/Zion | Found Prototype Processor 18277 | -7/Zion | Discovered new exit (range 5) 18281 | -7/Zion | Saw the warning signs outside the Deep Caves entrance 18284 | -7/Zion | Identified exit to Deep Caves 18486 | -7/Zion | Build established: Skirmisher 18609 | -7/Zion | Entered Deep Caves 18609 | -7/Deep Caves | Accompanied by 3 allies 18829 | -7/Deep Caves | Attacked by Z-Imprinter 18850 | -7/Deep Caves | Core integrity fell below 50% 18865 | -7/Deep Caves | Destroyed Z-Imprinter 18893 | -7/Deep Caves | Lost 6 parts (1p1n3u1w) 18904 | -7/Deep Caves | Found Prototype Protection 18969 | -7/Deep Caves | Z-Facility disabled 18974 | -7/Deep Caves | Identified Zio. Weapon Casing 19128 | -7/Deep Caves | Build established: Mutant 19670 | -7/Deep Caves | Discovered new exit (range 6) 19678 | -7/Deep Caves | Identified exit to Proximity Caves 19840 | -7/Deep Caves | Spotted as-65225 20209 | -7/Deep Caves | Spotted as-62720 20280 | -7/Deep Caves | Core integrity fell below 20% 20291 | -7/Deep Caves | Destroyed as-62720 20355 | -7/Deep Caves | Triggered Deep Caves wall 20367 | -7/Deep Caves | Exposed GOLEM chamber 20452 | -7/Deep Caves | Spotted AS-79685 20452 | -7/Deep Caves | Spotted AS-49375 20487 | -7/Deep Caves | Found GOLEM Unit 20518 | -7/Deep Caves | Found GOLEM Unit 20634 | -7/Deep Caves | Found GOLEM Unit 20773 | -7/Deep Caves | Found GOLEM Unit 20848 | -7/Deep Caves | Found GOLEM Unit 20910 | -7/Deep Caves | Found GOLEM Unit 20937 | -7/Deep Caves | Found GOLEM Unit 20966 | -7/Deep Caves | Found GOLEM Unit 21266 | -7/Deep Caves | Build established: Golem 21620 | -7/Deep Caves | Entered Proximity Caves 21620 | -6/Proximity Caves | Spotted B-75 Beast 21800 | -6/Proximity Caves | Received a Behemoth hack from an annoying Tinkerer 21941 | -6/Proximity Caves | Learned 4 Factory zone layouts 22852 | -6/Proximity Caves | Acquired the password to a Derelict Tinkerer's latest research 22872 | -6/Proximity Caves | Found Prototype Special Weapon 23084 | -6/Proximity Caves | Crushed by falling debris 23112 | -6/Proximity Caves | Discovered new exit (range 21) 23299 | -6/Proximity Caves | Entered Factory 23299 | -6/Factory | Evolved 2 slots: Utility x2 23300 | -6/Factory | Identified exit to Factory 24123 | -6/Factory | Discovered new exit (range 13) 24283 | -6/Factory | Destroyed 7 combat bots 24397 | -6/Factory | Repaired Rnf. Fission Core 24487 | -6/Factory | Repaired Exp. Heat Sink? 24591 | -6/Factory | Identified exit to Lower Caves 24893 | -6/Factory | Discovered exit to Factory (range 10) 25082 | -6/Factory | Spotted B-75 Beast 25346 | -6/Factory | Entered Lower Caves 26123 | -6/Lower Caves | Encountered a Warlord checkpoint 26154 | -6/Lower Caves | Identified exit to Lower Caves 26333 | -6/Lower Caves | Spotted B-75 Beast 27017 | -6/Lower Caves | Entered another Lower Caves area 27198 | -6/Lower Caves | Learned Factory emergency access door positions 27360 | -6/Lower Caves | Discovered exit to Factory (range 5) 27558 | -6/Lower Caves | Spotted B-75 Beast 28353 | -6/Lower Caves | Encountered a Warlord checkpoint 28434 | -6/Lower Caves | Spotted PU-EPY(f) 28435 | -6/Lower Caves | Encountered a Master Thief 28435 | -6/Lower Caves | Spotted OJ-R6J(f) 28436 | -6/Lower Caves | Encountered a Master Thief 28436 | -6/Lower Caves | Spotted P6-Q6G(f) 28436 | -6/Lower Caves | Spotted J0-OV4(f) 28437 | -6/Lower Caves | Encountered a Master Thief 28437 | -6/Lower Caves | Encountered a Master Thief 28438 | -6/Lower Caves | YOLO Cannon stolen by Master Thief 28440 | -6/Lower Caves | Superbattery stolen by Master Thief 28442 | -6/Lower Caves | 8R-AWN's Boregun stolen by Master Thief 28444 | -6/Lower Caves | 8R-AWN's Boregun stolen by Master Thief 28451 | -6/Lower Caves | Destroyed OJ-R6J(f) 28521 | -6/Lower Caves | Discovered new exit (range 5) 28534 | -6/Lower Caves | Identified exit to Data Miner 28767 | -6/Lower Caves | Destroyed B-75 Beast 28947 | -6/Lower Caves | Attracted the attention of an 0b10 outpost 29254 | -6/Lower Caves | Entered Data Miner 29254 | -6/Data Miner | Discovered new exit (range 6) 29294 | -6/Data Miner | Met Data Miner 29334 | -6/Data Miner | Learned location of Section 7 (-2) 29334 | -6/Data Miner | Acquired the access code to Warlord's prototype stash 29370 | -6/Data Miner | Received God Mode back door access code from Data Miner 29416 | -6/Data Miner | Identified exit to Proximity Caves 29418 | -6/Data Miner | Entered Proximity Caves 29437 | -5/Proximity Caves | Learned Factory emergency access door positions 29460 | -5/Proximity Caves | Escorted by Enhanced Grunt 29460 | -5/Proximity Caves | Attracted the attention of an 0b10 outpost 29465 | -5/Proximity Caves | Core integrity fell below 50% 29468 | -5/Proximity Caves | System corruption reached 10% 29543 | -5/Proximity Caves | Lost 9 parts (1p6u2w) 29580 | -5/Proximity Caves | Crushed by falling debris 29786 | -5/Proximity Caves | Core integrity fell below 20% 29882 | -5/Proximity Caves | Build established: Scavenger-Mutant 30292 | -5/Proximity Caves | Learned location of Warlord (-5) 31520 | -5/Proximity Caves | Discovered exit to Factory (range 14) 31608 | -5/Proximity Caves | System corruption reached 30% 31609 | -5/Proximity Caves | Entered Factory 31609 | -5/Factory | Evolved 2 slots: Power x1, Utility x1 32455 | -5/Factory | Lost 4 parts (1p2u1w) 32703 | -5/Factory | Build established: Scavenger-Golem 33066 | -5/Factory | Build established: Golem 33455 | -5/Factory | Discovered new exit (range 12) 33521 | -5/Factory | Identified exit to Upper Caves 33757 | -5/Factory | Repaired Hardcell Cannon? 33971 | -5/Factory | Discovered new exit (range 27) 34066 | -5/Factory | Discovered new exit (range 37) 34264 | -5/Factory | Identified Molecular Deconstructor 34264 | -5/Factory | Identified Exp. Terrain Scan Processor 34701 | -5/Factory | Repaired Imp. Particle Charger 34800 | -5/Factory | Repaired Enh. Coil Gun 34908 | -5/Factory | Repaired Adv. Myomer Leg 34917 | -5/Factory | Build established: Hacker-Golem 34952 | -5/Factory | System corruption reached 10% 34985 | -5/Factory | Lost 3 parts (3u) 35622 | -5/Factory | Build established: Golem 35871 | -5/Factory | Entered Upper Caves 35871 | -5/Upper Caves | Spotted OA-L4R(f) 35871 | -5/Upper Caves | Spotted UA-SOT(f) 35872 | -5/Upper Caves | Encountered a Master Thief 35872 | -5/Upper Caves | Encountered a Master Thief 35872 | -5/Upper Caves | Destroyed UA-SOT(f) 35876 | -5/Upper Caves | GOLEM Unit stolen by Master Thief 35878 | -5/Upper Caves | Spotted N9-3PN(f) 35878 | -5/Upper Caves | Destroyed OA-L4R(f) 35879 | -5/Upper Caves | Encountered a Master Thief 35879 | -5/Upper Caves | GOLEM Unit stolen by Master Thief 35905 | -5/Upper Caves | Found GOLEM Unit 36194 | -5/Upper Caves | Build established: Mutant 37045 | -5/Upper Caves | Learned Factory stockpile data 37045 | -5/Upper Caves | Discovered new exit (range 20) 37857 | -5/Upper Caves | Entered another Upper Caves area 37982 | -5/Upper Caves | Discovered new exit (range 47) 38934 | -5/Upper Caves | Discovered new exit (range 20) 39035 | -5/Upper Caves | Entered Warlord 39440 | -5/Warlord | Learned 4 Research zone layouts 39440 | -5/Warlord | Learned 4 Quarantine zone layouts 39446 | -5/Warlord | Learned Armory repair station intel 39934 | -5/Warlord | Found Prototype Device 39935 | -5/Warlord | Identified Minesniffer Drone Bay 39942 | -5/Warlord | Found Minesniffer Drone Bay 40085 | -5/Warlord | Met Warlord 40100 | -5/Warlord | Build established: Commander-Mutant 40110 | -5/Warlord | Warlord's base attacked by MAIN.C 40121 | -5/Warlord | Opened Warlord's prototype stash 40135 | -5/Warlord | Found Prototype Reactor 40164 | -5/Warlord | Found Prototype Hackware 40185 | -5/Warlord | Found Prototype Device 40381 | -5/Warlord | Found Prototype Energy Cannon 40385 | -5/Warlord | Found Prototype Energy Cannon 40389 | -5/Warlord | Found Prototype Piercing Weapon 40460 | -5/Warlord | Warlord forces counterattacked 40645 | -5/Warlord | Spotted Striker 40651 | -5/Warlord | Spotted Striker 40670 | -5/Warlord | Allies destroyed Striker 40682 | -5/Warlord | P-70 Sage assimilated allied L5-XC9(Y) 40785 | -5/Warlord | Warlord base infiltrated, sounded retreat 40942 | -5/Warlord | Spotted Executioner 40965 | -5/Warlord | Allies destroyed Executioner 40992 | -5/Warlord | Build established: Scavenger-Mutant 41028 | -5/Warlord | P-80 Master assimilated allied Slayer 6a 41048 | -5/Warlord | Spotted Executioner 41074 | -5/Warlord | Core integrity fell below 50% 41079 | -5/Warlord | Identified Vortex Driver (x2) 41090 | -5/Warlord | Destroyed Executioner 41115 | -5/Warlord | Spotted Executioner 41115 | -5/Warlord | Spotted Executioner 41117 | -5/Warlord | Destroyed 9 combat bots 41117 | -5/Warlord | Spotted Executioner 41119 | -5/Warlord | Lost 5 parts (3u2w) 41143 | -5/Warlord | Destroyed Executioner 41144 | -5/Warlord | Core integrity fell below 20% 41150 | -5/Warlord | Identified Vortex Lance 41152 | -5/Warlord | Destroyed by G-67 Veteran with Field Laser Last Messages --------------- 41143_ Executioner suffers critical hit (Sunder). 41143_ Executioner Prototype Leg ripped off. 41143_ Destroyed Unknown Engine. 41143_ Executioner destroyed. 41144_ The unstable cave ceiling collapses. 41145_ Slug penetrates Earth. 41146_ Vortex penetrates G-50 Soldier. 41146_ L-41 Fighter knocked back. 41148_ Hardcell Cannon destroyed. 41149_ The unstable cave ceiling collapses. 41149_ Lyr. Heavy Armor Plating destroyed. 41150_ Identified Vortex Lance. 41150_ Rnf. Deuterium Engine destroyed. 41151_ Destroyed Microactuators. 41151_ L-41 Fighter destroyed. 41151_ Penetrated by Slug. 41151_ Slug penetrates Earth. 41151_ Penetrated by Slug. 41151_ Slug penetrates Earth. 41152_ The unstable cave ceiling collapses. Map ----- +----------------------------------------------------+ | %=*%!=%%""![%%![%/%*%"" "#?#### #???? | | !=[!%![%!%%%%[[=[!%=*!%%%### # ##??? | | % !=%[!%%=%*==%%==[%=%=%+ ## #??? | | =%%%!%!%%%=%=%*%=[%%*%+ #### #??? | | %%%%%[%!!*![%=%%*%!==%= #### #??# #??? | | =%%=%[!!""%!*[[%%[%%=%%%"#??## ???# ##?? | | %] *=%%""!!%%[%%=%[![%""#???# #?### #?? | | "*!%""*%|*[%=[%% ###???# ### # #?? | | #######""##### # # ??#???# #?# #?? | | ##????#""#????? #??#???? ?#" ### #?? | | #????#""#?????????????? ?# ### ##?? | | ##????#""#?????????????? ## #### #??? | | #?????#""#?????????????# # # ?## ##??? | | ##??????""#????????????? # # ??## #???? | | ?????????????????????### # ;;#???# #???? | | ?????????????????????# # ##???## ##??? | | ????????????????????## # # ????## #??? | | ????????????????????# # ###### ## | | #####???????????????# ;## [ =< | | #????????????#?##; # |%! ;"# ?? | | #????????????# #; #**# ## #??? | | #?????????????# gg|% % !%;; #??? | | #?????????????## =gg%/#=!! #" #?? | | #????????????## g/gE%* %[% #?? | | #????????????# !==g=# ### ##???? | | #????????????# # @g/%!%#??#####????? | | #???????????# # =! ###???????????? | | #???????????#?# # # ##???????????? | | #+###?????????????## ##??????????? | | #????????????????# #??????????? | | #???????????????# # # ##??????????? | | #???#######??### # # ## ##???????????? | | #??## ##### # #????????????? | | ##### !# ##;";;; # #???????????? | | !% %% ##???????????? | | %[ = [ ####????????????? | | #"""""= ######;; ### ##????????????? | | ## #### # #?# # # ?????????????? | | ?####??### ##?#### ###?????????????? | | ?????????###?????# # #???????????????? | | ????????????????? #????????????????? | | ????????????????? # ?????????????????? | | | | | | | | | | | | | | | | | +----------------------------------------------------+ Best States ------------- Heat Dissipation 105 Coolant Potential 65 Energy Generation 45 Energy Capacity 1850 Matter Stores 300 Matter Capacity 450 Sight Range 23 Robot Scan Range 15 Terrain Scan Range 16 Terrain Scan Density 85 Cloak Strength 3 Armor Coverage 925 Resistance: KI 15 Resistance: TH 25 Resistance: EX 15 Resistance: EM 15 Resistance: I 15 Resistance: S 15 Resistance: P 15 Core Shielding 30 Utility Shielding 66 Weapon Shielding 100 Weapon Cycling 25 Evasion (%) 55 Targeting Accuracy 8 Core Analysis 6 Particle Charging 20 Offensive Hacking 14 Defensive Hacking 14 Authchip Count 3 Item Schematics ----------------- Arm. Wheel | -9/Materials | Scanalyzed Enh. Flamer | -9/Materials | Scanalyzed Hvy. Ion Engine | -9/Materials | Scanalyzed Rocket Launcher | -9/Materials | Scanalyzed Actuator Array | -9/Materials | Scanalyzed Hcp. Matter Pod | -9/Materials | Scanalyzed Hrd. Light Armor Plating | -9/Materials | Scanalyzed Med. Armor Plating | -9/Materials | Scanalyzed Ion Cannon | -9/Materials | Scanalyzed Adv. Myomer Leg | -8/Materials | Scanalyzed Exp. Heat Sink | -8/Materials | Scanalyzed Adv. Weapon Cycler | -8/Materials | Scanalyzed Rnf. Fission Core | -8/Materials | Scanalyzed Lyr. Light Armor Plating | -8/Materials | Scanalyzed Hvy. Neutron Cannon | -7/Factory | Scanalyzed Adv. Sensor Array | -7/Factory | Hacked Kinecellerator | -7/Zion | Archive Flexi-carbon Leg | -7/Zion | Archive Arm. Huge Wheel | -7/Zion | Archive Hpw. Shock Rifle | -7/Zion | Archive Imp. Titanium Leg | -7/Zion | Archive Plasma Rifle | -7/Zion | Archive Microactuators | -7/Zion | Archive Imp. Shock Absorption System | -7/Zion | Archive Hyp. Gauss Cannon | -7/Zion | Archive Hvy. Battle Rifle | -7/Zion | Archive Spk. Medium Treads | -7/Zion | Archive Matter Filter | -7/Zion | Archive Power Amplifier | -7/Zion | Archive Enh. Optical Array | -7/Zion | Archive Mak. Sword | -7/Zion | Archive Combat Drone Bay | -6/Data Miner | Free Lgt. Regenerative Plating | -6/Data Miner | Free Cld. Gravmag System | -6/Data Miner | Free Prc. Energy Filter | -6/Data Miner | Free Cld. Plasma Rifle | -6/Data Miner | Free Imp. Linear Gravjet | -6/Data Miner | Free Lrn. Sensor Array | -6/Data Miner | Free Adv. Datajack | -6/Data Miner | Free Imp. Focal Shield | -6/Data Miner | Free Imp. Antigrav System | -6/Data Miner | Free Enh. Coil Gun | -5/Factory | Scanalyzed Imp. Particle Charger | -5/Factory | Scanalyzed Robot Schematics ------------------ Y-54 Guardian | -7/Zion | Archive O-24 Administrator | -7/Zion | Archive K-01 Serf | -7/Zion | Archive C-57 Dissector | -7/Zion | Archive Y-64 Sentinel | -6/Data Miner | Free R-10 Processor | -6/Data Miner | Free E-15 Imp | -6/Data Miner | Free B-48 Gladiator | -6/Data Miner | Free A-27 Freighter | -6/Data Miner | Free L-61 Swordsman | -6/Data Miner | Free Fabricated ------------ S-27 Virus | x4 | -7/Factory | Preloaded Hvy. Neutron Cannon | x2 | -7/Factory | Authchip Exp. Heat Sink | x1 | -7/Factory Alien Tech Used ----------------- None Achievements -------------- None Challenges ------------ None Game ------ Seed CentriumThermicCorpse Manual? 0 Play Time 06:09:22 Cumulative 466.2 hours Start 2023.02.19 @ 16:01:29 End 2023.02.20 @ 00:12:37 Sessions 1 Manual Loads 0 Difficulty Rogue Special Mode None Game No. 347 Rogue 347 Adventurer 0 Explorer 0 Win Type - Total 0 Types 0/0/0/0/0/0/0/0/0 Lore% 66 Gallery% 74 Achievement% 55 Wizard Run 0 Options --------- ASCII 0 Keyboard 0 Movement Mouse Keybinds 0 Fullscreen 1 Font 16/SmallcapsGlow Map View 75x55 Tactical HUD 1 Map Filters NONE Filters NONE Steam 1 RUN: a3225c87-9986-44a4-b941-a34990f6241e